 Dungeon Crawl Stone Soup version 0.30-a0-137-gd8773701ce (webtiles) character file.

Game seed: 9821148930610500020

10 blackman the Sneak (level 2, 0/24 HPs)
             Began as a Human Delver on Sept 23, 2022.
             Slain by a hound (2 damage)
             ... on level 5 of the Dungeon.
             The game lasted 00:01:01 (69 turns).

blackman the Sneak (Human Delver)                     Turns: 69, Time: 00:01:01

Health: 0/24       AC:  3    Str: 12    XL:     2   Next: 30%
Magic:  2/2        EV: 12    Int: 10    God:
Gold:   18         SH:  0    Dex: 14    Spells: 1/1 levels left

rFire   . . .      SeeInvis .    a - +0 spear
rCold   . . .      Faith    .    (no shield)
rNeg    . . .      Spirit   .    b - +0 leather armour
rPois   .          Reflect  .    (no helmet)
rElec   .          Harm     .    (no cloak)
rCorr   .          Rampage  .    (no gloves)
Will    .....                    (no boots)
Stlth   +++.......               (no amulet)
HPRegen 0.08/turn                (no ring)
MPRegen 0.08/turn                (no ring)

@: hasted, very quick
A: no striking features
a: no special abilities


You were on level 5 of the Dungeon.
You visited 1 branch of the dungeon, and saw 1 of its levels.

You collected 18 gold pieces.

Inventory:

Hand Weapons
 a - a +0 spear (weapon)
Armour
 b - a +0 leather armour (worn)
Wands
 g - a wand of digging (3)
Scrolls
 c - a scroll of fog
 d - a scroll of magic mapping
 e - a scroll of fear
 h - a scroll of amnesia {unknown}


   Skills:
 - Level 3.0 Fighting
 + Level 2.8 Polearms
 - Level 2.0 Dodging
 - Level 5.0 Stealth


You had one spell level left.
You didn't know any spells.
Your spell library was empty.

Dungeon Overview and Level Annotations

Branches:
Dungeon (5/15)
 Temple: D:4-7

Altars:

Shops:
D:5 !


Message History

You feel yourself speed up. The hound bites you but does no damage.
The gnoll hits you from afar with a +0 spear.
You hit the hound but do no damage. The hound completely misses you.
You hit the hound.
The hound is lightly wounded.
The hound bites you.
The gnoll hits you from afar with a +0 spear.
You hit the hound.
The hound is moderately wounded.
The hound bites you.
You hit the hound but do no damage.
The hound is moderately wounded.
The gnoll misses you. The hound bites you.
* * * LOW HITPOINT WARNING * * *
The hound attacks as you move away! The hound barely misses you.
The hound attacks as you move away! The hound bites you.
* * * LOW HITPOINT WARNING * * *
There is an open door here.
You barely miss the hound.
The hound is moderately wounded.
The hound barely misses you.
You miss the hound.
The hound is moderately wounded.
The hound misses you.
You closely miss the hound.
The hound is moderately wounded.
The hound completely misses you.
You closely miss the hound.
The hound is moderately wounded.
The hound misses you. The hound attacks as you move away! The hound bites you.
* * * LOW HITPOINT WARNING * * *
You hit the hound.
The hound is heavily wounded.
The hound bites you.
* * * LOW HITPOINT WARNING * * *
You miss the hound.
The hound is heavily wounded.
The hound bites you.
You die...

+. ♣...'.#.....<.
#.. ♣..g####......
#..[ ♣...# .....#
#...♣♣♣♣♣♣♣g..#
......
#.............#
..#∩..
#......g.g....#
#.............#
#######h#######
.....##.@....# ...
..>...##.....# ....
#..
#.....#.....##....
....
#......###.......
....
#...#..#####....#
##.... ..
##...##...#####...#
#...............##
###..............##
#............###.


You could see a hound and a gnoll.

Vanquished Creatures
  A gnoll (D:5)
1 creature vanquished.

Vanquished Creatures (others)
  2 fungi (D:5)
  2 toadstools (D:5)
4 creatures vanquished.

Grand Total: 5 creatures vanquished

Notes
Turn   | Place    | Note
-------+----------+-------------------------------------------
     0 | D:5      | blackman the Human Delver began the quest for the Orb.
     0 | D:5      | Reached XP level 1. HP: 18/18 MP: 1/1
    38 | D:5      | Found Beor's Distillery.
    40 | D:5      | Noticed a hound
    50 | D:5      | Reached XP level 2. HP: 20/24 MP: 2/2
    69 | D:5      | Slain by a hound

Illustrated notes

Levels and vault maps discovered:
D:5:      layout_cave_pools, gammafunk_temple_overflow_elements, serial_shops,
          shop, kennysheep_path_1, minmay_gold_behind_fungi, chequers_big_river

Action                   || total
-------------------------++-------
Melee: Spear             ||    19
  Use: Potion            ||     1
Armor: Leather armour    ||     1
Dodge: Dodged            ||    12

Table legend: (Time is in decaauts)
 A = Elapsed time spent in this place.
 B = Non-inter-level travel time spent in this place.
 C = Inter-level travel time spent in this place.
 D = Time resting spent in this place.
 E = Time spent auto-exploring this place.
 F = Levels seen in this place.
 G = Mean time per level.
                   A        B        C        D        E       F      G
               +--------+--------+--------+--------+--------+-----+--------+
         Total |     63 |     63 |      0 |      0 |     33 |   1 |   63.0 |
       Dungeon |     63 |     63 |      0 |      0 |     33 |   1 |   63.0 |
               +--------+--------+--------+--------+--------+-----+--------+

Top non-repeatable levels by time:
     D:5: 63 daAuts
